Map: Romanticide LE

Players

Layate - Winner!

  • Race: Terran Terran
  • League: Gold

Deckboy

  • Race: Zerg Zerg
  • League: Gold

VOD

Have the link to the VOD?

Description

Time

  • Played on: Sept. 26, 2021, 10:51 p.m.
  • Length: 17:01
Show
View Real Time Build Order
Export as new Build Order

Layate Terran - Winner!

Build Orders: 2 Factory, Mech 

Get SALT Encoding   

  12  0:06  SCV  
  13  0:19  SCV  
  14  0:31  SCV  
  14  0:32  Supply Depot  
  15  0:54  SCV  
  15  0:56  Barracks  
  16  1:06  Supply Depot, SCV  
  17  1:18  SCV  
  18  1:19  Refinery  
  18  1:21  Refinery  
  18  1:30  SCV  
  19  1:42  SCV  
  20  1:54  SCV, Marine  
  22  2:06  SCV  
  23  2:10  Command Center  
  23  2:19  SCV  
  23  2:20  Factory  
  23  2:21  Barracks Reactor  
  24  2:50  SCV  
  25  3:01  Marine x2  
  25  3:02  SCV  
  28  3:05  Factory Tech Lab  
  28  3:08  Factory  
  28  3:15  SCV  
  28  3:18  Factory  
  28  3:19  Marine  
  30  3:21  Marine  
  31  3:27  SCV, Hellion  
  34  3:35  Engineering Bay  
  34  3:40  SCV  
  35  3:42  Supply Depot  
  35  3:50  SCV  
  35  3:52  SCV  
  37  3:56  Factory Reactor  
  37  4:00  Hellion  
  37  4:02  SCV  
  40  4:04  SCV  
  40  4:06  Refinery  
  41  4:14  SCV  
  42  4:26  SCV  
  42  4:27  Factory Reactor  
  42  4:30  Siege Tank  
  46  4:33  Factory Tech Lab  
  46  4:36  Hellion  
  48  4:44  Hellion  
  50  4:47  SCV  
  50  4:51  Refinery  
  51  4:56  SCV  
  51  4:57  Hellion  
  54  5:19  Barracks x2  
  54  5:22  Orbital Command  
  54  5:25  Orbital Command  
  54  5:43  Command Center  
  54  5:47  Supply Depot  
  54  5:48  Supply Depot  
  54  5:50  Supply Depot  
  54  5:51  SCV, Hellion  
  57  6:03  SCV  
  50  6:31  Marine x2  
  46  6:37  Cyclone x2  
  53  6:40  Hellion  
  53  6:44  Hellion  
  55  6:47  SCV  
  55  6:49  Marine x2  
  55  6:51  Barracks Reactor  
  55  6:52  Barracks Reactor  
  58  6:57  SCV  
  58  6:58  SCV  
  58  6:59  SCV  
  61  7:06  Marine  
  61  7:07  Marine  
  63  7:09  Cyclone  
  63  7:10  SCV, Cyclone  
  63  7:11  SCV  
  63  7:13  Mag-Field Accelerator  
  71  7:16  Infernal Pre-Igniter  
  71  7:22  SCV  
  71  7:23  SCV  
  72  7:34  SCV  
  72  7:35  SCV  
  65  7:46  SCV  
  64  7:54  Cyclone x2  
  64  7:57  Hellion x2  
  64  7:58  SCV x2  
  75  8:02  SCV  
  75  8:05  Marine x3  
  78  8:10  SCV x2  
  82  8:13  Marine x2  
  82  8:14  SCV, Marine  
  86  8:20  Starport  
  86  8:22  SCV x2  
  86  8:23  Starport, Marine x2  
  86  8:26  SCV  
  91  8:30  Armory  
  91  8:31  Engineering Bay  
  91  8:33  Terran Infantry Weapons Level 1  
  91  8:34  Starport, SCV x2  
  91  8:38  SCV, Refinery, Marine x4  
  91  8:40  Refinery  
  98  8:46  Marine x2  
  98  8:47  SCV  
  101  9:40  Marine x4  
  101  9:41  SCV, Marine  
  101  9:43  SCV, Hellion  
  101  9:44  Cyclone, Hellion, Marine  
  99  9:45  Cyclone  
  99  9:51  Starport Reactor x3  
  86  9:53  SCV  
  86  9:56  SCV  
  86  9:58  Marine x4  
  86  9:59  Marine  
  90  10:01  Marine  
  90  10:04  Hellion  
  90  10:06  Hellion  
  95  10:08  SCV  
  95  10:13  Terran Infantry Armor Level 1  
  96  10:15  Factory  
  96  10:16  Command Center, Cyclone, Marine x2  
  96  10:17  Armory  
  101  10:22  Terran Vehicle Weapons Level 1  
  101  10:24  Barracks  
  101  10:32  Command Center  
  101  10:46  Supply Depot  
  101  10:47  Supply Depot  
  101  10:51  Supply Depot  
  101  10:54  Supply Depot  
  101  10:56  Supply Depot  
  101  11:00  Supply Depot  
  101  11:03  Supply Depot  
  101  11:04  Marine x3  
  101  11:05  SCV, Medivac x2, Hellion x2, Marine x3  
  101  11:06  Supply Depot  
  101  11:07  Thor, Cyclone, Terran Vehicle And Ship Armor Level 1  
  125  11:11  Terran Infantry Weapons Level 2  
  125  11:17  SCV  
  125  11:22  Marine x4  
  129  11:26  Marine x2  
  129  11:29  SCV  
  129  11:31  Hellbat  
  129  11:32  Hellbat  
  136  11:35  Barracks Reactor  
  136  11:39  Cyclone  
  139  11:40  Marine x4  
  139  11:41  SCV  
  139  11:44  Marine  
  139  11:46  Medivac  
  147  11:50  Thor  
  147  11:53  Supply Depot, SCV, Hellbat  
  156  11:54  Marine  
  156  11:58  Marine x4  
  160  12:02  Marine  
  161  12:11  Siege Tank  
  161  12:12  Marine  
  165  12:15  Marine x3  
  165  12:16  Marine  
  165  12:19  Marine  
  148  12:30  Marine  
  148  12:33  Marine x3  
  148  12:34  Marine  
  140  12:37  Marine  
  139  12:47  Thor x2  
  139  12:48  Marine  
  139  12:51  Viking x2, Marine x4  
  150  12:53  SCV  
  150  12:55  Marine  
  150  12:58  SCV  
  159  13:04  SCV  
  159  13:05  SCV, Marine  
  161  13:07  Barracks Tech Lab  
  161  13:09  Starport, Marine x4  
  161  13:10  SCV  
  161  13:11  Viking  
  169  13:13  Marine  
  169  13:16  SCV  
  169  13:17  SCV  
  172  13:22  SCV  
  172  13:23  Marine  
  174  13:27  Marine x2  
  174  13:28  SCV  
  174  13:29  SCV  
  174  13:30  Thor  
  184  13:34  SCV  
  149  13:56  Marine x2  
  149  13:57  Viking, Marine x2  
  149  13:58  Viking x3  
  137  14:18  Marine x3  
  137  14:19  Marine x4  
  137  14:22  Missile Turret x2  
  135  14:36  Marine x4  
  135  14:37  Marine x3  
  105  14:49  SCV  
  105  14:50  Thor  
  105  14:51  Thor, Refinery  
  105  14:52  Refinery  
  118  14:54  Marine x6  
  118  14:55  Marine  
  125  15:01  SCV  
  125  15:12  Marine x2  
  125  15:13  SCV  
  122  15:19  Marine x5  
  117  15:29  Marine  
  117  15:30  Marine  
  119  15:36  Marine  
  119  15:37  Viking x3, Marine x3  
  129  15:47  Marine x3  
  130  15:54  Marine x2  
  128  16:01  Marine x2  
  130  16:05  Marine x3  
  130  16:07  SCV  
  134  16:12  Marine  
  134  16:17  Marine  
  136  16:18  Marine  
  136  16:19  SCV, Marine  
  136  16:24  Marine x3  
  127  16:36  Marine x2  
  127  16:37  Marine x2  
  126  16:41  Marine  
Show
View Real Time Build Order
Export as new Build Order

Deckboy Zerg 

Build Orders: Hatch First 

Get SALT Encoding   

  12  0:02  Drone  
  13  0:23  Drone  
  14  0:37  Hatchery  
  14  0:42  Drone  
  14  0:46  Overlord  
  14  0:56  Drone, Extractor  
  14  1:05  Drone  
  14  1:06  Drone  
  16  1:15  Drone  
  17  1:22  Spawning Pool  
  16  1:26  Drone  
  17  1:38  Drone  
  18  1:47  Overlord  
  18  1:52  Drone  
  20  2:01  Drone  
  20  2:09  Queen  
  20  2:11  Drone  
  20  2:12  Queen  
  25  2:15  Drone  
  25  2:19  Drone  
  27  2:28  Drone x2  
  29  2:39  Drone  
  30  2:48  Drone  
  31  2:52  Hatchery  
  31  2:53  Drone x2  
  32  3:01  Drone x2  
  34  3:05  Queen  
  36  3:14  Overlord  
  36  3:27  Extractor  
  36  3:32  Drone x2  
  37  3:40  Metabolic Boost, Extractor  
  36  3:49  Evolution Chamber  
  36  3:54  Drone x2  
  37  4:02  Drone x4  
  41  4:03  Drone x3  
  44  4:10  Overlord  
  44  4:16  Drone x2  
  46  4:20  Zerg Ground Armor Level 1  
  46  4:23  Queen  
  48  4:26  Burrow  
  48  4:28  Lair  
  48  4:37  Roach Warren  
  47  4:41  Baneling Nest  
  46  4:48  Drone x2  
  46  4:49  Drone  
  46  4:52  Drone x3  
  52  4:58  Queen  
  54  5:13  Overlord  
  54  5:14  Overlord  
  54  5:16  Drone x2  
  56  5:25  Evolution Chamber  
  55  5:30  Drone  
  55  5:31  Drone x2  
  55  5:33  Drone  
  59  5:41  Spire  
  59  5:42  Glial Reconstitution  
  58  5:50  Infestation Pit  
  58  5:52  Zerg Melee Weapons Level 1  
  58  5:54  Zergling x4  
  59  6:04  Zergling x6  
  59  6:05  Zergling x2  
  59  6:07  Roach x2  
  59  6:09  Zergling x8  
  61  6:34  Drone x2  
  63  6:42  Roach x5  
  63  6:47  Overlord  
  73  6:53  Drone  
  74  6:59  Hive  
  74  7:05  Extractor  
  74  7:07  Drone  
  74  7:08  Drone x5  
  78  7:09  Extractor  
  66  7:59  Infestor  
  66  8:00  Infestor x3  
  74  8:05  Zergling x2  
  74  8:06  Zergling x8  
  74  8:08  Queen  
  74  8:11  Drone  
  82  8:13  Overlord x4  
  82  8:30  Hatchery  
  81  8:36  Infestor x3  
  81  8:38  Infestor x3  
  81  8:39  Infestor  
  87  8:44  Queen  
  89  8:53  Zergling x4  
  89  8:54  Zergling x8  
  89  8:55  Roach  
  97  8:57  Zergling x4  
  97  8:58  Zergling x6  
  102  9:08  Overseer  
  102  9:10  Roach x3  
  102  9:11  Roach  
  94  10:05  Zergling x4  
  94  10:06  Zergling x10  
  94  10:07  Zergling x2, Overlord  
  102  10:08  Drone x2  
  104  10:18  Zergling x8  
  104  10:19  Zergling x4  
  110  10:22  Zerg Ground Armor Level 2  
  110  10:25  Mutalisk x4  
  110  10:26  Mutalisk  
  120  10:28  Overlord  
  120  10:29  Overlord x2  
  120  10:40  Mutalisk  
  122  10:43  Overlord  
  122  10:59  Mutalisk x4  
  130  11:14  Overlord  
  130  11:33  Overseer  
  130  11:36  Mutalisk x5  
  130  11:37  Mutalisk  
  142  11:41  Mutalisk x4  
  142  11:42  Mutalisk  
  142  11:46  Extractor  
  151  11:56  Infestor x2  
  151  11:57  Infestor x5  
  151  12:03  Hatchery  
  151  12:08  Infestor x6  
  147  12:24  Roach x8  
  147  12:25  Roach x2  
  126  12:52  Zergling x4  
  126  12:53  Zergling x4  
  130  13:09  Roach  
  130  13:10  Roach x4  
  140  13:21  Zerg Ground Armor Level 3  
  140  13:22  Adrenal Glands  
  140  13:24  Tunneling Claws  
  140  13:26  Roach x2  
  78  14:38  Zergling x8  
  76  14:39  Zergling x4  
  80  14:45  Infestor x4  
  80  14:48  Mutalisk x5  
  80  14:51  Zergling x2  
  91  14:53  Zergling x6  
  91  14:54  Zergling x8  
  78  15:31  Zergling x6  
  78  15:34  Zergling x6  
  75  15:36  Roach x3  
  63  15:57  Roach x2  
  63  15:59  Roach x2  
  63  16:13  Roach  
  63  16:16  Hatchery  
  64  16:28  Hatchery  
  36  16:44  Hatchery  
Tags
 
Add a new tag
Caveats
  • Supply blocks, unpowered buildings, or Contaminate may cause inaccurate times.
  • Supply counts are checked every 10 seconds.